[Event "Live Chess"]
[Site "Chess.com"]
[Date "2024.06.01"]
[Round "-"]
[White "missedJariChance"]
[Black "WelshTiger"]
[Result "0-1"]
[WhiteElo "1341"]
[BlackElo "2542"]
[TimeControl "300"]
[EndTime "12:32:33 PDT"]
[Termination "WelshTiger won by resignation"]

1. b3 a6 2. Bb2 Nc6 3. Nf3 d6 4. e3 e5 5. c4 Nf6 6. Be2 Be7 7. O-O O-O 8. Nc3 Re8 9. d4 exd4 10. exd4 d5 11. Qc2 Bg4 12. Rfe1 Bb4 13. Rad1 Bxc3 14. Bxc3 Bxf3 15. Bxf3 Ne7 16. Re3 c6 17. Rde1 Qd7 18. h3 Ng6 19. cxd5 Nxd5 20. Bg4 Nxe3 21. Rxe3 Qd6 22.
Kf1 Rxe3 23. fxe3 Re8 24. Ke2 Qg3 25. Bf3 Nh4 26. Kd3 Nxf3 27. gxf3 Qxf3 0-1

[Event "Live Chess"]
[Site "Chess.com"]
[Date "2024.06.01"]
[Round "-"]
[White "JanMur7"]
[Black "KeithArkell"]
[Result "1-0"]
[WhiteElo "2313"]
[BlackElo "2462"]
[TimeControl "300"]
[EndTime "12:32:33 PDT"]
[Termination "JanMur7 won by resignation"]

1. Nf3 d5 2. c4 c6 3. d4 Nf6 4. Nc3 Bg4 5. Ne5 Bf5 6. Qb3 Qb6 7. cxd5 Qxb3 8. axb3 Nxd5 9. Nxd5 cxd5 10. Bf4 f6 11.
Nd3 Nc6 12. e3 e6 13. f3 Nb4 14. Kd2 Nxd3 15. Bxd3 Bxd3 16. Kxd3 Kd7 17. Rhc1 Bd6 18. Bxd6 Kxd6 19. Rc5 b6 20. Rc3 a5 21. Rac1 Rhd8 22. Rc7 Rd7 23. R1c6+ Ke7 24. Rxd7+ Kxd7 25. Rxb6 a4 26.
bxa4 Kc7 27. Rb4 Kc6 28. b3 e5 29. Rb5 g5 30. Rc5+ Kd6 31. a5 g4 32. fxg4 Rg8 33. h3 h5 34. b4 hxg4 35. a6 gxh3 36. gxh3 exd4 37. Kxd4 Re8 38. a7 1-0

[Event "Live Chess"]
[Site "Chess.com"]
[Date "2024.06.01"]
[Round "-"]
[White "DarranAS"]
[Black "peteopeteo"]
[Result "0-1"]
[WhiteElo "1459"]
[BlackElo "1604"]
[TimeControl "300"]
[EndTime "12:32:39 PDT"]
[Termination "peteopeteo won on time"]

1. e4 c6 2. d4 d5 3. e5 Bf5 4. Bd3 Bxd3 5. Qxd3 e6 6. Ne2 Nd7 7. O-O Ne7 8. Bg5 h6 9. Bh4 Qb6 10. Nbc3 Nf5 11. Bg3 a6 12. b3 c5 13. f4 cxd4 14. Bf2 Bc5 15. Na4 Qc7 16. Nxd4 Nxd4 17. Bxd4 Bxd4+ 18. Qxd4 Qxc2 19. Rfc1 Qe4 20. Qxe4 dxe4 21. Re1 b5 22. Nc3 Nc5 23. Rad1 O-O 24. Nxe4 Nxe4 25. Rxe4 Rad8 26. Red4 Rxd4 27. Rxd4 Rc8 28. Rd2 Kf8 29. Kf2 Ke7 30. Ke3 Rd8 31. Rxd8 Kxd8 32. Kd4 Kd7 33. Kc5 Kc7 34. g4 g6 35. h4 b4 36. h5 gxh5 37. gxh5 Kd7 38. Kxb4 Kc6 39. Ka5 Kd5 40. Kxa6 Ke4 41. b4 Kxf4 42. b5 Kxe5 43. b6 f5 44. b7 f4 45. b8=Q+ Kf5 46. Qb5+ e5 47. Qe2 e4 48. Kb5 f3 49. Qf2 Kf4 50. a4 e3 51. Qh4+ Ke5 52. Qg3+ Ke4 53. Qg4+ Kd3 54. Qd7+ Ke2 0-1

[Event "Live Chess"]
[Site "Chess.com"]
[Date "2024.06.01"]
[Round "-"]
[White "f4nomore"]
[Black "cymbalshift"]
[Result "0-1"]
[WhiteElo "1201"]
[BlackElo "1707"]
[TimeControl "300"]
[EndTime "12:32:55 PDT"]
[Termination "cymbalshift won by checkmate"]

1. d4 Nf6 2. Bg5 e6 3. Nf3 h6 4. Bh4 c5 5. c3 Qb6 6. Qc2 Nc6 7.
Bxf6 gxf6 8. e3 f5 9. g3 cxd4 10.
exd4 Bg7 11. Na3 d5 12. Nb5 a6 13. Nd6+ Ke7 14. Nxc8+ Raxc8 15. Be2 Nxd4 16. Nxd4 Bxd4 17. O-O Bf6 18. Rab1 h5 19. Qc1 h4 20. b3 hxg3 21.
hxg3 Rxc3 22. Qa3+ Kd8 23. Rbc1 Rxg3# 0-1

[Event "Live Chess"]
[Site "Chess.com"]
[Date "2024.06.01"]
[Round "-"]
[White "chessfiction"]
[Black "Duke_of_Bebington"]
[Result "1-0"]
[WhiteElo "2411"]
[BlackElo "1584"]
[TimeControl "300"]
[EndTime "12:33:06 PDT"]
[Termination "chessfiction won by resignation"]

1. e4 e5 2. Nf3 f5 3. d3 d6 4. Nc3 Nf6 5. Bg5 Be7 6. Be2 Nc6 7.
Qd2 Be6 8. exf5 Bxf5 9. O-O-O Qd7 10. d4 e4 11. Nh4 Bg6 12. Nxg6 hxg6 13. Bb5 d5 14. f3 O-O-O 15. Bxf6 gxf6 16. fxe4 dxe4 17. d5 Qg4 18. h3 Qh5 19. Qf2 Ne5 20. Qxa7 c6 21.
dxc6 Nxc6 22. Bxc6 bxc6 23. Na4 Rxd1+ 24. Rxd1 Bc5 25.
Qd7+ 1-0

[Event "Live Chess"]
[Site "Chess.com"]
[Date "2024.06.01"]
[Round "-"]
[White "Hacker_2009"]
[Black "Queensandpawns"]
[Result "1-0"]
[WhiteElo "2225"]
[BlackElo "2376"]
[TimeControl "300"]
[EndTime "12:33:08 PDT"]
[Termination "Hacker_2009 won by checkmate"]

1. e4 c6 2. d4 d5 3. e5 Bf5 4. h4 h5 5. Bd3 Bxd3 6. Qxd3 e6 7.
Nf3 Qa5+ 8. Bd2 Qa6 9. O-O Qxd3 10. cxd3 Ne7 11. Nc3 Nd7 12. Rac1 Nf5 13. Na4 Be7 14.
g3 Rc8 15. Nc5 b6 16. Nxd7 Kxd7 17.
Rc2 c5 18. dxc5 bxc5 19. Rfc1 f6 20. a3 Rb8 21. b4 cxb4 22. Rc7+ Kd8 23. Bxb4 Bxb4 24.
axb4 Ne7 25. Rxa7 Rc8 26. Rxc8+ Nxc8 27. Rxg7 fxe5 28. Nxe5 Rf8 29. Nc6+ Ke8 30. Rc7 Nd6 31. Re7# 1-0

[Event "Live Chess"]
[Site "Chess.com"]
[Date "2024.06.01"]
[Round "-"]
[White "degringolade64"]
[Black "Tushinskiy"]
[Result "1-0"]
[WhiteElo "2128"]
[BlackElo "2241"]
[TimeControl "300"]
[EndTime "12:33:11 PDT"]
[Termination "degringolade64 won by resignation"]

1. e4 e5 2. Nf3 d6 3. d4 Bg4 4. dxe5 Nd7 5. exd6 Bxd6 6. Be2 Qe7 7. O-O Ngf6 8. Nc3 O-O-O 9. h3 Bh5 10. Be3 Nxe4 11. Qd5 Nxc3 12. bxc3 Nf6 13. Qa5 a6 14. Rab1 Nd5 15. Rxb7 Nxe3 16. Bxa6 Nxf1 17. Rxc7+ 1-0

[Event "Live Chess"]
[Site "Chess.com"]
[Date "2024.06.01"]
[Round "-"]
[White "Bob2pen"]
[Black "NeilDruggan73"]
[Result "0-1"]
[WhiteElo "1889"]
[BlackElo "1745"]
[TimeControl "300"]
[EndTime "12:33:24 PDT"]
[Termination "NeilDruggan73 won by resignation"]

1. e4 d6 2. d4 Nf6 3. Nc3 g6 4. f3 Bg7 5. Be3 O-O 6. h4 h5 7. Nh3 c6 8. Ng5 b5 9. Bd3 Qa5 10. Qd2 Na6 11. Ne2 Nb4 12. c3 Nxd3+ 13. Qxd3 d5 14. e5 Bf5 15. Qd2 Nd7 16. Rg1 Rac8 17. g4 hxg4 18. fxg4 Be4 19. Ng3 c5 20. N5xe4 dxe4 21.
Nxe4 Rfd8 22. h5 Nxe5 23. O-O-O Nf3 24. Qf2 Nxg1 25. Rxg1 cxd4 26. Bxd4 Bxd4 0-1

[Event "Live Chess"]
[Site "Chess.com"]
[Date "2024.06.01"]
[Round "-"]
[White "ACM42"]
[Black "resipsa6"]
[Result "0-1"]
[WhiteElo "2205"]
[BlackElo "2039"]
[TimeControl "300"]
[EndTime "12:33:39 PDT"]
[Termination "resipsa6 won by resignation"]

1. e4 e5 2. Nf3 Nf6 3. Nxe5 d6 4.
Nf3 Nxe4 5. d3 Nf6 6. d4 d5 7. Bd3 Bd6 8. O-O O-O 9. h3 h6 10. c3 c6 11. Qc2 Qc7 12. Re1 Nbd7 13. Nbd2 b6 14. Nf1 Bb7 15. Ne3 Rfe8 16. Bd2 Nf8 17. Nf5 Bf4 18. g3 Bxd2 19. Qxd2 Ne6 20. Ne5 Ng5 21. Kg2 c5 22. h4 Nge4 23. f3 Nxd2 0-1

[Event "Live Chess"]
[Site "Chess.com"]
[Date "2024.06.01"]
[Round "-"]
[White "WorcesterYork"]
[Black "bobby_jamesFischer86"]
[Result "1-0"]
[WhiteElo "2514"]
[BlackElo "1621"]
[TimeControl "300"]
[EndTime "12:33:56 PDT"]
[Termination "WorcesterYork won by checkmate"]

1. d4 d5 2. c4 c6 3. Nf3 Nf6 4. Nc3 e6 5. Bg5 Be7 6. e3 O-O 7. Rc1 Nbd7 8. Qc2 dxc4 9. Bxc4 b5 10. Bd3 Bb7 11. O-O h6 12. Bxf6 Bxf6 13. Ne4 Be7 14.
Rfd1 Nf6 15. Nc5 Bxc5 16. Qxc5 Qd5 17. b3 Qxc5 18. Rxc5 Nd7 19. Rc2 Rac8 20. Rdc1 Rfd8 21. Be4 Nf6 22. Bxc6 Bxc6 23. Rxc6 Rxc6 24. Rxc6 a5 25. Ne5 a4 26. g4 axb3 27. axb3 Ra8 28. h4 Ra2 29. f3 Nd5 30. Rc8+ Kh7 31. Nxf7 Nxe3 32. h5 g6 33. Ne5 gxh5 34. Rc7+ Kg8 35. gxh5 Rg2+ 36.
Kh1 Rg5 37. f4 Rxh5+ 38. Kg1 Rh4 39. Kf2 Nd5 40. Kg3 Rxf4 41. Rc6 Rxd4 42. Rxe6 Rb4 43. Rd6 Rxb3+ 44. Kh4 Ne3 45. Rd7 Nf5+ 46. Kh5 Ng3+ 47. Kg6 Kf8 48. Ng4 b4 49. Nf6 Rb1 50. Rf7# 1-0

[Event "Live Chess"]
[Site "Chess.com"]
[Date "2024.06.01"]
[Round "-"]
[White "MaksymYurii"]
[Black "dhairyapandyauk"]
[Result "0-1"]
[WhiteElo "933"]
[BlackElo "1657"]
[TimeControl "300"]
[EndTime "12:33:58 PDT"]
[Termination "dhairyapandyauk won by checkmate"]

1. e4 e5 2. Nf3 Nc6 3. Bc4 Bc5 4.
d3 d6 5. Nc3 Nf6 6. Be3 Bg4 7.
Bxc5 dxc5 8. Nd5 Nxd5 9. Bxd5 Nd4 10. Bxf7+ Kf8 11. c3 Bxf3 12. gxf3 Kxf7 13. cxd4 Qxd4 14. Rg1 Qxb2 15. Qb3+ Qxb3 16. axb3 b5 17. Rg5 Kf6 18. Rf5+ Ke6 19. Ra5 g6 20. Rg5 c6 21. Ra6 Rhc8 22.
f4 exf4 23. Rxc5 Kd6 24. b4 Rc7 25. e5+ Ke6 26. d4 Rac8 27. Ke2 Kf5 28. f3 Rd7 29. Kd3 Rcd8 30. Raxc6 Rxd4+ 31. Kc3 Rd3+ 32. Kb2 Rd2+ 33.
Rc2 R2d3 34. R2c3 Rxc3 35. Rxc3 Rd2+ 36. Rc2 Rxc2+ 37. Kxc2 Kxe5 38. Kd3 Kd5 39. Kc3 g5 40. h3 h5 41. Kd3 Ke5 42. Kc3 Kf5 43. Kd4 g4 44. hxg4+ hxg4 45. fxg4+ Kxg4 46. Kc5 f3 47. Kxb5 f2 48. Ka6 f1=Q+ 49. b5 Qa1+ 50. Kb7 Qa5 51. Kb8 Qxb5+ 52. Kxa7 Kf5 53. Ka8 Ke6 54. Ka7 Kd7 55. Ka8 Kc7 56. Ka7 Qb7# 0-1

[Event "Live Chess"]
[Site "Chess.com"]
[Date "2024.06.01"]
[Round "-"]
[White "Nathaniel250"]
[Black "DoctorMantisTobogganMD"]
[Result "1-0"]
[WhiteElo "1523"]
[BlackElo "2160"]
[TimeControl "300"]
[EndTime "12:34:00 PDT"]
[Termination "Nathaniel250 won by checkmate"]

1. c4 Nf6 2. Nc3 Nc6 3. g3 e5 4.
Bg2 Bc5 5. e4 O-O 6. Nge2 Ng4 7.
O-O d6 8. d3 a6 9. h3 Nf6 10. Kh2 h6 11. f4 Nh7 12. f5 f6 13.
g4 Nd4 14. Nxd4 Bxd4 15. Ne2 Ba7 16. Bd2 Bd7 17. Qc1 c5 18. Ng3 b5 19. b3 bxc4 20.
bxc4 a5 21. a3 a4 22. Nh5 Rf7 23. Ng3 Bb6 24. h4 Ba5 25. Bxa5 Qxa5 26. Qe1 Qxe1 27.
Rfxe1 Rb8 28. Rab1 Rff8 29. Ne2 Rfc8 30. Nc3 Bc6 31.
Re2 Nf8 32. Reb2 Nd7 33. Rxb8 Rxb8 34. Rxb8+ Nxb8 35. Bf1 Kf7 36. Be2 Ke7 37. Bd1 Kd8 38. Nxa4 Bxa4 39. Bxa4 Kc7 40. Bb5 Kb6 41. a4 Ka5 42.
Kg2 Kb4 43. Kf2 Ka5 44. Ke2 Na6 45. Kd2 Nc7 46. Kc3 Na8 47. h5 Nb6 48. Kb3 Nc8 49.
Kc3 Kb6 50. Kb3 Na7 51. Kc3 Ka5 52. Kb3 Nc8 53. Kc3 Kb6 54. Kb3 Kc7 55. a5 Kb7 56.
Ka4 Ka7 57. Kb3 Kb8 58. Ka3 Kc7 59. Ka4 Na7 60. Kb3 Kd8 61. Ka4 Ke7 62. a6 Kd8 63. Ka5 Kc7 64. Be8 Nc8 65. Bb5 Kb8 66. Bd7 Na7 67.
Bb5 Kc7 68. Be8 Nc8 69. Bb5 Nb6 70. Be8 Na8 71. Bb5 Kb8 72. Bc6 Nc7 73. Kb6 Nxa6 74.
Kxa6 Kc7 75. Kb5 Kb8 76. Kb6 Kc8 77. Ka7 Kc7 78. Bd5 Kc8 79. Kb6 Kd7 80. Kb7 Kd8 81. Kc6 Ke7 82. Kc7 Ke8 83. Kxd6 Kd8 84. Kxc5 Kc7 85.
Kb5 Kd6 86. c5+ Kc7 87. c6 Kc8 88. Kb6 g5 89. fxg6 Kd8 90. g7 Ke7 91. g8=Q f5 92.
Qf7+ Kd6 93. Qe6# 1-0

[Event "Live Chess"]
[Site "Chess.com"]
[Date "2024.06.01"]
[Round "-"]
[White "Brooms1989"]
[Black "nitrofish07"]
[Result "0-1"]
[WhiteElo "1088"]
[BlackElo "2114"]
[TimeControl "300"]
[EndTime "12:34:12 PDT"]
[Termination "nitrofish07 won by resignation"]

1. e4 c5 2. Be2 d6 3. f4 g6 4. Nf3 Bg7 5. d3 Nc6 6. O-O e6 7. c3 Nge7 8. Be3 O-O 9. d4 b6 10. e5 Nf5 11. Bf2 Bb7 12. g4 Nfe7 13. h4 cxd4 14. cxd4 dxe5 15. dxe5 Nd5 16. Bg3 Ne3 17. Qxd8 Raxd8 18. Rc1 Nxg4 0-1

[Event "Live Chess"]
[Site "Chess.com"]
[Date "2024.06.01"]
[Round "-"]
[White "Plato_77"]
[Black "Cruiseylee78"]
[Result "1-0"]
[WhiteElo "1333"]
[BlackElo "1674"]
[TimeControl "300"]
[EndTime "12:34:22 PDT"]
[Termination "Plato_77 won by resignation"]

1. e4 d6 2. d4 Nd7 3. Nc3 e5 4. Nf3 Ngf6 5. Bc4 c6 6. dxe5 dxe5 7. Ng5 h6 8. Nxf7 Qe7 9. Nxh8 b5 10. Bb3 Nc5 11. Ng6 Qc7 12. Nxf8 Kxf8 13. O-O Nxb3 14.
axb3 Bg4 15. f3 Rd8 16. Qe2 Be6 17. Be3 Qf7 18. Rxa7 Qg6 19. Rd1 Bh3 20. Rxd8+ 1-0

[Event "Live Chess"]
[Site "Chess.com"]
[Date "2024.06.01"]
[Round "-"]
[White "LL220284LL"]
[Black "KwikPhoenix"]
[Result "0-1"]
[WhiteElo "2539"]
[BlackElo "2462"]
[TimeControl "300"]
[EndTime "12:34:47 PDT"]
[Termination "KwikPhoenix won by resignation"]

1. c4 f5 2. d4 Nf6 3. Nc3 e6 4.
g3 Be7 5. Bg2 O-O 6. Nf3 d6 7. O-O Ne4 8. Qc2 Nxc3 9. Qxc3 a5 10. b3 Bf6 11. Bb2 Nc6 12. Rad1 Qe8 13. Qc1 e5 14.
dxe5 dxe5 15. Ng5 Ne7 16. e4 f4 17. Nf3 Qh5 18. Rd3 Bh3 19. Bxh3 Qxh3 20. Nxe5 Bxe5 21. Bxe5 f3 22. Rxf3 Rxf3 23. Bxc7 Qe6 24. Re1 Raf8 25. Re2 Nc6 26. Qd2 R3f7 27. Bb6 Rd7 28. Qg5 Qh3 29.
Re1 Re8 30. Bxa5 Re5 31. Qf4 Rxa5 32. e5 Rxe5 33. Rf1 Re8 34. c5 Red8 35. b4 Rd1 36. Qc4+ Kh8 37. b5 Rxf1+ 38. Qxf1 Qxf1+ 39. Kxf1 Nd4 40. a4 Ra8 0-1

[Event "Live Chess"]
[Site "Chess.com"]
[Date "2024.06.01"]
[Round "-"]
[White "Dhaydon19"]
[Black "wadsy27"]
[Result "1/2-1/2"]
[WhiteElo "2693"]
[BlackElo "2561"]
[TimeControl "300"]
[EndTime "12:34:47 PDT"]
[Termination "Game drawn by agreement"]

1. d4 d5 2. Nf3 Nf6 3. g3 c6 4.
Bg2 Bf5 5. O-O h6 6. c3 e6 7.
Nbd2 Be7 8. Ne5 Nbd7 9. Nxd7 Qxd7 10. Re1 O-O 11. e4 dxe4 12. Nxe4 Nxe4 13. Bxe4 Bxe4 14.
Rxe4 c5 15. Qe2 Rfd8 16. dxc5 Qd1+ 17. Qe1 Qxe1+ 18. Rxe1 Bxc5 19. Bf4 Rd7 20. Rad1 Rad8 21. Rxd7 Rxd7 22. Kf1 g5 23. Bc1 a5 24. h3 a4 25.
Ke2 b5 26. b3 Kg7 27. Bd2 axb3 28. axb3 Ra7 29. b4 Bb6 30. Rf1 Ra2 31. Kd3 Kg6 32. g4 f5 33. f3 e5 34. Re1 Kf6 35. Re2 e4+ 36. fxe4 f4 37. e5+ Ke6 38. Re1 Bc7 39. h4 Bxe5 40. hxg5 hxg5 41. Rh1 Ra8 42. Rh6+ Bf6 43.
Bxf4 gxf4 44. g5 Kf5 45. gxf6 Kg5 46. Rh7 Kxf6 47. Ke4 Rc8 1/2-1/2

[Event "Live Chess"]
[Site "Chess.com"]
[Date "2024.06.01"]
[Round "-"]
[White "koekoekoe"]
[Black "Zhevzh1k7"]
[Result "1-0"]
[WhiteElo "2059"]
[BlackElo "1110"]
[TimeControl "300"]
[EndTime "12:34:48 PDT"]
[Termination "koekoekoe won by checkmate"]

1. d4 Nf6 2. Bf4 c6 3. e3 Qb6 4. b3 d6 5. c4 g6 6. Nd2 Bg7 7. Ngf3 O-O 8. Be2 d5 9. c5 Qd8 10. O-O e6 11. h3 Nbd7 12. Ne5 Nxe5 13. Bxe5 Nd7 14. Bxg7 Kxg7 15. Nf3 Nf6 16. b4 a5 17. a3 a4 18. b5 cxb5 19. Bxb5 Bd7 20. Rb1 Ne4 21. Qc2 Bxb5 22. Rxb5 Qc7 23. Rfb1 Rfb8 24.
Ne5 Nf6 25. R1b4 Nd7 26. Nd3 b6 27. Rxa4 Rxa4 28. Qxa4 bxc5 29. Rxb8 Nxb8 30. Nxc5 Nc6 31. Qb5 Na7 32. Qb7 Qxb7 33. Nxb7 Nb5 34. a4 Na7 35. a5 Kf8 36. Kh2 Ke7 37. Kg3 Kd7 38. Kf4 f6 39. e4 dxe4 40. Kxe4 Kc7 41. Nc5 Kd6 42. f4 h5 43. g4 hxg4 44. hxg4 g5 45. f5 exf5+ 46. Kxf5 Ke7 47. a6 Kf7 48. Ne4 Nc6 49. Nd6+ Ke7 50. Nb5 Kd7 51. a7 Nxa7 52. Nxa7 Ke7 53. d5 Kd6 54. Kxf6 Kxd5 55. Kxg5 Kd6 56. Kf6 Kd7 57. Kf7 Kd6 58. g5 Ke5 59. g6 Kf5 60. g7 Kg5 61.
g8=Q+ Kf5 62. Qg6+ Ke5 63. Qe6+ Kd4 64. Kf6 Kc5 65.
Nc8 Kd4 66. Qe5+ Kc4 67. Qd6 Kc3 68. Ke5 Kc4 69. Ke4 Kc3 70. Qd4+ Kc2 71. Qd3+ Kb2 72. Qc4 Kb1 73. Qe2 Kc1 74. Kd3 Kb1 75. Kc3 Ka1 76.
Qb2# 1-0

[Event "Live Chess"]
[Site "Chess.com"]
[Date "2024.06.01"]
[Round "-"]
[White "Sweet-O"]
[Black "Silverback7829"]
[Result "1/2-1/2"]
[WhiteElo "1556"]
[BlackElo "1114"]
[TimeControl "300"]
[EndTime "12:34:54 PDT"]
[Termination "Game drawn by repetition"]

1. d4 d5 2. Nc3 Nc6 3. Bf4 Nf6 4. Nb5 a6 5. Nxc7+ Kd7 6. Nxa8 Qa5+ 7. c3 Ne4 8. g3 e6 9. f3 Bd6 10. Bxd6 Nxd6 11.
Qd3 g6 12. b4 Qa3 13. e3 Nxb4 14. cxb4 Qxb4+ 15. Qd2 Qxd2+ 16. Kxd2 Nc4+ 17. Bxc4 dxc4 18. Nb6+ Kc7 19. Nxc8 Kxc8 20. Ne2 Rd8 21. Rhc1 f6 22. Rxc4+ Kb8 23. Nf4 g5 24. Nxe6 Rc8 25. Rxc8+ Kxc8 26. Nf8 h6 27. Ne6 Kb8 28. f4 Ka7 29. d5 Kb8 30. Rc1 Ka7 31. d6 b5 32. d7 gxf4 33. d8=Q fxe3+ 34. Kxe3 f5 35. Rc7+ Kb6 36. Rc4+ Kb7 37. Qc7+ Ka8 38.
Qd8+ Kb7 39. Rc7+ Kb6 40. Rd7+ Kc6 41. Rc7+ Kb6 1/2-1/2

[Event "Live Chess"]
[Site "Chess.com"]
[Date "2024.06.01"]
[Round "-"]
[White "NottheBishopSacrifice"]
[Black "Nazar-Makarchuk"]
[Result "1-0"]
[WhiteElo "2252"]
[BlackElo "1504"]
[TimeControl "300"]
[EndTime "12:34:57 PDT"]
[Termination "NottheBishopSacrifice won by resignation"]

1. g3 d5 2. Bg2 Nf6 3. Nf3 Nc6 4.
O-O e5 5. d3 Bd6 6. Re1 O-O 7.
e4 dxe4 8. dxe4 Bb4 9. c3 Qxd1 10. Rxd1 Ba5 11. Nbd2 Bb6 12. Nc4 Ng4 13. Nxb6 cxb6 14.
Be3 Nxe3 15. fxe3 Bg4 16. Rd6 Bxf3 17. Bxf3 f6 18. Rad1 Rfd8 19. Be2 Rxd6 20. Rxd6 Rd8 21. Bc4+ Kf8 22. Rd5 Rxd5 23. exd5 Na5 24. Bd3 Ke7 25. Bxh7 Kd6 26. e4 Nc4 27. b3 Ne3 28. h4 Nd1 29. c4 Nc3 30. Kf2 Nxa2 31. Ke3 Nc1 32. b4 a5 33.
bxa5 bxa5 34. Kd2 Nb3+ 35. Kc3 Nc5 36. Bf5 Na6 37. g4 Kc5 38. g5 fxg5 39. hxg5 b5 40.
cxb5 Kxb5 41. Kb3 Kc5 42. Ka4 Kb6 43. Kb3 Nc5+ 44. Kc4 a4 45. Kb4 Na6+ 46. Kxa4 Kc5 47. Ka5 Nc7 48. g6 Ne8 49. Bg4 Nd6 50. Bf3 Kd4 51.
Kb6 Ke3 52. Bh1 Kf4 53. Kc6 Ne8 54. d6 Nf6 55. d7 Nxd7 56. Kxd7 Kg5 57. Kd6 Kxg6 58.
Kxe5 Kf7 59. Kd6 Ke8 60. e5 g5 61. e6 g4 62. e7 g3 63. Bc6+ 1-0

[Event "Live Chess"]
[Site "Chess.com"]
[Date "2024.06.01"]
[Round "-"]
[White "matt1979"]
[Black "StoreySniper"]
[Result "0-1"]
[WhiteElo "1387"]
[BlackElo "2532"]
[TimeControl "300"]
[EndTime "12:35:21 PDT"]
[Termination "StoreySniper won by resignation"]

1. f4 d5 2. e3 Nc6 3. Bb5 Nf6 4. Nf3 Bg4 5. O-O Qd6 6. Qe1 Bxf3 7. Rxf3 e5 8. fxe5 Qxe5 9. Bxc6+ bxc6 10. Nc3 Bd6 11. Rh3 O-O-O 12. Qe2 h5 13. d4 Qe6 14. Qa6+ Kd7 15.
Ne2 Ng4 16. Qd3 g5 17. c4 Rdg8 18. cxd5 cxd5 19. Qb5+ Ke7 20. Bd2 Nf6 21. Rf3 Ne4 22. Bb4 g4 23. Bxd6+ Nxd6 24. Nf4 Nxb5 25. Nxe6 gxf3 0-1

[Event "Live Chess"]
[Site "Chess.com"]
[Date "2024.06.01"]
[Round "-"]
[White "Eva3337"]
[Black "ACM42"]
[Result "0-1"]
[WhiteElo "1156"]
[BlackElo "2205"]
[TimeControl "300"]
[EndTime "12:36:08 PDT"]
[Termination "ACM42 won by resignation"]

1. e4 e6 2. Bd3 c5 3. c3 Nc6 4. Bc2 g6 5. Nf3 Bg7 6. d4 cxd4 7. cxd4 d5 8. e5 Nge7 9. O-O a6 10. Be3 Qb6 11. b3 f6 12. Qd2 O-O 13. Bh6 fxe5 14. Bxg7 Kxg7 15. Nxe5 Qxd4 16. Qg5 Qxe5 17. Bxg6 Qxg5 0-1

[Event "Live Chess"]
[Site "Chess.com"]
[Date "2024.06.01"]
[Round "-"]
[White "MaximKovalenko83"]
[Black "gunslinger222"]
[Result "1-0"]
[WhiteElo "2250"]
[BlackElo "2247"]
[TimeControl "300"]
[EndTime "12:36:12 PDT"]
[Termination "MaximKovalenko83 won on time"]

1. d4 Nf6 2. Nf3 e6 3. c4 c5 4. e3 g6 5. Nc3 Bg7 6. Be2 O-O 7.
O-O b6 8. b3 Bb7 9. Bb2 d6 10.
Rc1 Nbd7 11. h3 a6 12. Qc2 Qc7 13. Rfd1 Rac8 14. e4 cxd4 15. Nxd4 Qb8 16. f4 Qa8 17. Bf3 Nc5 18. e5 dxe5 19. fxe5 Nfd7 20. b4 Nxe5 21.
bxc5 bxc5 22. Bxb7 Qxb7 23. Nb3 Nxc4 24. Na4 Nxb2 25.
Nxb2 c4 26. Nxc4 Qc7 27. Qe2 Qg3 28. Ne3 Rxc1 29. Rxc1 a5 30. Nf1 Qf4 31. Rc4 Qg5 32.
Qd2 Qf6 33. Qxa5 h5 34. Qd2 Kh7 35. Qf2 Qe7 36. Rf4 e5 37. Rf3 e4 38. Re3 f5 39.
Qe2 Bh6 40. Rc3 f4 41. Rc4 f3 42. Rxe4 Qa7+ 43. Qf2 Qxf2+ 44. Kxf2 fxg2+ 45. Kxg2 Ra8 46. Re7+ Kg8 47. Re2 g5 48. Ng3 h4 49. Nf5 Bf8 50.
Ne3 Bd6 51. Ng4 Bf4 52. Rf2 Kf7 53. Re2 Kg6 54. Kf3 Kf5 55. Nd4+ 1-0

[Event "Live Chess"]
[Site "Chess.com"]
[Date "2024.06.01"]
[Round "-"]
[White "resipsa6"]
[Black "SimonB4a"]
[Result "0-1"]
[WhiteElo "2034"]
[BlackElo "2184"]
[TimeControl "300"]
[EndTime "12:36:27 PDT"]
[Termination "SimonB4a won by checkmate"]

1. e4 e6 2. d4 d5 3. exd5 exd5 4. Bd3 Bd6 5. Nf3 Ne7 6. c3 Nbc6 7. Be3 Bg4 8. Nbd2 Qd7 9. Qc2 O-O-O 10. h3 Bh5 11.
O-O-O Bg6 12. Bxg6 hxg6 13. Rhe1 Nf5 14. Nb3 Nxe3 15.
Rxe3 Bf4 16. Re1 Rde8 17. Ne5 Nxe5 18. dxe5 Rxe5 19. Nc5 Qe7 20. Nd3 Bxe3+ 21. fxe3 Rxe3 22. Rxe3 Qxe3+ 23. Kd1 Re8 24. c4 Qg1+ 25. Kd2 Qxg2+ 26. Kc3 Qxc2+ 27. Kxc2 dxc4 28. Nf4 c6 29. a4 Re4 30.
Ng2 Re2+ 31. Kc3 Rxg2 32. Kb4 b6 33. h4 Rh2 34. h5 Rxh5 35. b3 cxb3 36. a5 bxa5+ 37.
Ka3 Rb5 38. Kb2 g5 39. Ka3 g4 40. Kb2 g3 41. Ka3 b2 42. Ka2 b1=Q+ 43. Ka3 Qb3# 0-1

[Event "Live Chess"]
[Site "Chess.com"]
[Date "2024.06.01"]
[Round "-"]
[White "vincents82"]
[Black "agamilewska"]
[Result "1/2-1/2"]
[WhiteElo "2086"]
[BlackElo "1774"]
[TimeControl "300"]
[EndTime "12:36:49 PDT"]
[Termination "Game drawn by agreement"]

1. e4 e5 2. Nf3 Nc6 3. Bb5 d6 4. d4 exd4 5. Nxd4 Bd7 6. O-O Nxd4 7. Bxd7+ Qxd7 8. Qxd4 Nf6 9. Nc3 Be7 10. f4 O-O 11. Be3 Rfe8 12. Rad1 Ng4 13. Qd3 Nxe3 14. Qxe3 Qc6 15. Qd3 Bf6 16. Rfe1 Bxc3 17. bxc3 f6 18. c4 Qb6+ 19. Qd4 Qxd4+ 20. Rxd4 h6 21. Kf2 Kf7 22. Kf3 b6 23. e5 fxe5 24. fxe5 Re6 25. Rf4+ Ke7 26.
Rfe4 dxe5 27. Rxe5 Rxe5 28. Rxe5+ Kd6 29. Rd5+ Kc6 30.
Rf5 Rd8 31. Ke3 Re8+ 32. Kd3 Re7 33. a4 a5 34. c3 Rd7+ 35. Ke3 Rd1 36. Rf7 Re1+ 37.
Kd4 Rd1+ 38. Ke4 Ra1 39. Rxg7 Rxa4 40. Kd4 Ra2 41. Rg6+ Kb7 42. g4 Rxh2 43. g5 hxg5 44. Rxg5 a4 45. c5 Rh4+ 46. Kd3 a3 47. cxb6 Kxb6 48.
Kc2 Ra4 49. Kb1 Rc4 50. Rg3 Kb5 51. Ka2 Ka4 52. Rh3 c5 53. Rg3 Re4 54. c4 Re2+ 55. Ka1 Kb4 56. Rh3 Rb2 57. Rxa3 Rc2 58. Rh3 Rxc4 59. Kb2 Rf4 60. Rg3 Rf2+ 61. Kc1 c4 62.
Rh3 c3 63. Rh8 Kb3 64. Rb8+ Kc4 65. Rc8+ Kd4 66. Rd8+ Kc4 1/2-1/2

[Event "Live Chess"]
[Site "Chess.com"]
[Date "2024.06.01"]
[Round "-"]
[White "educatedlad"]
[Black "stevochess11"]
[Result "0-1"]
[WhiteElo "1748"]
[BlackElo "1698"]
[TimeControl "300"]
[EndTime "12:36:51 PDT"]
[Termination "stevochess11 won by resignation"]

1. d4 Nf6 2. Bg5 Ne4 3. Bf4 g6 4. f3 Nf6 5. e4 d6 6. Nc3 Bg7 7.
Qd2 c5 8. Bh6 O-O 9. Bxg7 Kxg7 10. Nd5 e6 11. Nxf6 Qxf6 12. h4 cxd4 13. h5 Nc6 14. hxg6 fxg6 15. Qh6+ Kf7 16. Qxh7+ Qg7 17. Qh2 Nb4 18. O-O-O Nxa2+ 19. Kb1 Nb4 20. Qxd6 a5 21. Rxd4 Ra6 22. Qc7+ Kg8 23. Qxg7+ Kxg7 24. Bxa6 Nxa6 25. Ne2 Nb4 26. c3 Nc6 27. Rd6 Ne5 28. Nd4 Re8 29.
f4 Nc4 30. Rxe6 Bxe6 31. Nxe6+ Rxe6 32. b3 Nd2+ 33. Kc2 Nxe4 34. Re1 Nc5 35. Rd1 Re2+ 36. Kc1 0-1

[Event "Live Chess"]
[Site "Chess.com"]
[Date "2024.06.01"]
[Round "-"]
[White "MellowAesthetic"]
[Black "PaulHumphreys"]
[Result "1-0"]
[WhiteElo "2075"]
[BlackElo "1408"]
[TimeControl "300"]
[EndTime "12:36:53 PDT"]
[Termination "MellowAesthetic won by resignation"]

1. e4 e6 2. d4 d5 3. Nd2 Nc6 4.
Ngf3 Nf6 5. e5 Ne4 6. Bb5 a6 7. Bxc6+ bxc6 8. O-O f5 9. exf6 Nxf6 10. Ne5 c5 11. Ndf3 Bd7 12. Ng5 Qe7 13. dxc5 h6 14.
Ng6 Qxc5 15. Nxh8 hxg5 16. Bxg5 O-O-O 17. Nf7 Re8 18. Ne5 Bb5 19. Re1 Ne4 20. Be3 Qd6 21. Nf3 e5 22. a4 Bc6 23. Qe2 Bb7 24. Rad1 Qg6 25. c3 Bd6 26. b4 Nxc3 27. Qd3 e4 28.
Qxc3 exf3 29. g3 Rh8 30. Bd4 Qe8 31. Rxe8+ 1-0

[Event "Live Chess"]
[Site "Chess.com"]
[Date "2024.06.01"]
[Round "-"]
[White "Bob2pen"]
[Black "Stanbad1"]
[Result "0-1"]
[WhiteElo "1889"]
[BlackElo "2673"]
[TimeControl "300"]
[EndTime "12:37:01 PDT"]
[Termination "Stanbad1 won by resignation"]

1. e4 e6 2. d4 d5 3. Nc3 Nf6 4. Bg5 Bb4 5. e5 h6 6. Be3 Ne4 7. Ne2 c5 8. f3 Nxc3 9. bxc3 cxd4 10. Bxd4 Be7 11. Ng3 Nc6 12. Bd3 Qa5 13. O-O Bd7 14.
Kh1 Rc8 15. Nh5 g6 16. Nf6+ Bxf6 17. exf6 Nxd4 18. cxd4 Qd8 19. Rb1 Bc6 20. Bb5 O-O 21. Bxc6 bxc6 22. Rb7 Qxf6 23. Rxa7 c5 24. c3 cxd4 25.
cxd4 Rc4 26. Ra4 Rxa4 27. Qxa4 Rc8 28. Rd1 Rc4 29. Qa7 Qf4 30. a4 Rc1 31. Qb8+ Qxb8 0-1